 Dungeon Crawl Stone Soup version 0.29.0-11-gd7f09526c8 (webtiles) character file.

Game seed: 15104134503056538843

486 smilodon the Slasher (level 6, -1/53 HPs)
             Began as a Draconian Fighter on Sept 4, 2022.
             Slain by a worm (4 damage)
             ... on level 3 of the Dungeon.
             The game lasted 00:08:00 (4613 turns).

smilodon the Slasher (Draconian Fighter)            Turns: 4613, Time: 00:08:01

Health: -1/53      AC:  6    Str: 20    XL:     6   Next: 89%
Magic:  6/6        EV: 12    Int:  8    God:
Gold:   166        SH:  4    Dex: 11    Spells: 5/5 levels left

rFire   . . .      SeeInvis .   a - +1 long sword
rCold   . . .      Faith    .   b - +0 buckler
rNeg    . . .      Spirit   .   (body armour unavailable)
rPois   +          Reflect  .   (helmet restricted)
rElec   .          Harm     .   (no cloak)
rCorr   .          Rampage  .   (no gloves)
Will    ++...                   (no boots)
Stlth   +++.......              e - amulet of magic regeneration
HPRegen 0.17/turn               (no ring)
MPRegen 0.50/turn               (no ring)

@: slowed, very slow
A: AC +6, unfitting armour, cold-blooded, hooves 1, camouflage 1, strong-willed
2, poison resistance
a: no special abilities


You were on level 3 of the Dungeon.
You visited 1 branch of the dungeon, and saw 4 of its levels.

You collected 166 gold pieces.

Inventory:

Hand Weapons
 a - a +1 long sword (weapon)
Armour
 b - a +0 buckler (worn)
Jewellery
 e - an amulet of magic regeneration (around neck)
Potions
 d - a potion of brilliance
 j - a potion of flight
 k - a potion of cancellation


   Skills:
 + Level 4.4 Fighting
 + Level 5.0 Long Blades
 + Level 1.9 Throwing
 + Level 3.9 Dodging
 - Level 1.4 Stealth
 + Level 3.6 Shields


You had 5 spell levels left.
You didn't know any spells.
Your spell library was empty.

Dungeon Overview and Level Annotations

Branches:
Dungeon (4/15)             Temple (0/1) D:4

Altars:
Yredelemnul

Shops:
D:2 (

Annotations:
D:3 Pikel


Innate Abilities, Weirdness & Mutations

Your plain brown scales are hard. (AC +6)
You cannot fit into any form of body armour.
You are cold-blooded and may be slowed by cold attacks.
You have large cloven feet.
Your skin changes colour to match your surroundings (Stealth+).
You are highly strong-willed. (Will++)
Your system is resistant to poisons. (rPois)


Message History

The lemure hits you.
* * * LOW HITPOINT WARNING * * *
You block the worm's attack.
Pikel hits you with a +0 whip of freezing.
* * * LOW HITPOINT WARNING * * *
You feel as though you will be slow longer.
Pikel freezes you.
* * * LOW HITPOINT WARNING * * *
The lemure closely misses you.
You aren't carrying any scrolls.
You are confused.
You feel invigorated.
Pikel hits you with a +0 whip of freezing.
* * * LOW HITPOINT WARNING * * *
Pikel freezes you.
* * * LOW HITPOINT WARNING * * *
The lemure barely misses you. The worm barely misses you.
You bump into the rock wall.
Pikel closely misses you. The lemure closely misses you. Pikel misses you.
The lemure completely misses you. The worm barely misses you.
You barely miss Pikel. You kick Pikel, but do no damage.
Pikel hits you with a +0 whip of freezing.
Pikel freezes you. The lemure hits you. The worm bites you.
* * * LOW HITPOINT WARNING * * *
Pikel barely misses you. The lemure hits you.
* * * LOW HITPOINT WARNING * * *
You hit the worm. Your kick misses the worm.
The worm is lightly wounded.
You feel less invigorated.
You feel yourself speed up.
You feel less confused.
Pikel hits you with a +0 whip of freezing!
* * * LOW HITPOINT WARNING * * *
You feel yourself slow down. Pikel freezes you.
* * * LOW HITPOINT WARNING * * *
The lemure closely misses you. The worm closely misses you.
You closely miss the lemure. You kick the lemure.
The lemure is lightly wounded.
Pikel barely misses you. You block the lemure's attack.
You block Pikel's attack. The lemure misses you. The worm bites you.
You die...

####### ......#
#.#.#.# .###..# ##
##.##### # ##....# ##
##.###.##########
.###..# #......5@K5#
..#.### #####.#w##.#
.#.##########.#5##.#
.####............#[#
.# #.....###'##...###
.####.....#....#.....#
..........#....#...#.#
..###.....#....#...#.#
..###.....#....#...#.#


You could see Pikel, 3 lemures and a worm.

Vanquished Creatures
  2 phantoms
  Jessica (D:2)
  Natasha (thrice) (D:3)
  2 orc wizards (D:3)
  3 adders
  9 gnolls
  A worm (D:2)
  2 dart slugs
  10 orcs (D:3)
  6 endoplasms
  A giant cockroach (D:2)
  6 goblins
  7 hobgoblins
  3 quokkas
  3 ball pythons
  7 bats
  4 frilled lizards
  4 kobolds
  3 rats (D:2)
77 creatures vanquished.

Vanquished Creatures (others)
  A withered plant (D:3)
1 creature vanquished.

Grand Total: 78 creatures vanquished

Notes
Turn   | Place    | Note
-------+----------+-------------------------------------------
     0 | D:1      | smilodon the Draconian Fighter began the quest for the Orb.
     0 | D:1      | Reached XP level 1. HP: 19/19 MP: 1/1
   465 | D:1      | Reached XP level 2. HP: 26/26 MP: 2/2
   928 | D:1      | Found a faded altar of an unknown god.
   969 | D:1      | Gained mutation: You have large cloven feet. [potion of
                  | mutation]
   969 | D:1      | Gained mutation: Your skin changes colour to match your
                  | surroundings (Stealth+). [potion of mutation]
   969 | D:1      | Gained mutation: You are strong-willed. (Will+) [potion of
                  | mutation]
   969 | D:1      | Gained mutation: You have hidden genetic potential. [potion
                  | of mutation]
  1342 | D:2      | Reached XP level 3. HP: 20/31 MP: 3/3
  1629 | D:2      | Noticed Jessica
  1632 | D:2      | Killed Jessica
  1639 | D:2      | Gained mutation: Your system is resistant to poisons.
                  | (rPois) [hidden potential]
  1698 | D:2      | Reached skill level 3 in Long Blades
  1962 | D:2      | Found Pakhisoh's Weapon Emporium.
  2078 | D:2      | Reached XP level 4. HP: 40/40 MP: 4/4
  2159 | D:3      | Found a basalt altar of Yredelemnul.
  2845 | D:3      | Reached skill level 1 in Stealth
  2862 | D:3      | Gained mutation: You are highly strong-willed. (Will++)
                  | [hidden potential]
  2862 | D:3      | Lost mutation: You have hidden genetic potential. [hidden
                  | potential expressed]
  3292 | D:3      | Reached XP level 5. HP: 27/46 MP: 5/5
  3656 | D:3      | Noticed Natasha
  3661 | D:3      | Killed Natasha
  3662 | D:3      | Reached skill level 4 in Long Blades
  3734 | D:3      | Noticed Natasha
  3735 | D:3      | Killed Natasha
  3752 | D:3      | Noticed Natasha
  3757 | D:3      | Killed Natasha
  3758 | D:3      | Reached XP level 6. HP: 52/52 MP: 6/6
  4085 | D:4      | Found a staircase to the Ecumenical Temple.
  4100 | D:3      | Reached skill level 1 in Throwing
  4352 | D:4      | Noticed Pikel
  4591 | D:3      | Reached skill level 5 in Long Blades
  4612 | D:3      | HP: 2/53 [Pikel/+0 whip of freezing (4)]
  4613 | D:3      | Slain by a worm

Illustrated notes

Levels and vault maps discovered:
D:1:      dpeg_arrival_tiny_f, layout_loops_ring, ebering_ecumenical_altar_box
D:2:      layout_loops_ring, serial_shops, nicolae_lakefront_shop,
          nicolae_elevator_lobby_asterisk, uniq_jessica
D:3:      layout_loops_cross, yredelemnul_altar_generic,
          dreamdust_princess_corridor, minivault_24, minivault_14,
          nrook_mini_vaults, uniq_natasha
D:4:      layout_cave_pools, minmay_temple_entry_stoned_glass,
          gammafunk_ghost_grave, minmay_misc_feat_roman, uniq_ijyb, uniq_pikel

Skill      XL: |  1  2  3  4  5  6 |
---------------+-------------------+-----
Dodging        | 3 |  3.9
Long Blades    | 3 4 5 |  5.0
Stealth        | 1 |  1.4
Fighting       | 4 |  4.4
Throwing       | 1 |  1.9
Shields        | |  3.6

Action                   |  1- 3 |  4- 6 || total
-------------------------+-------+-------++-------
Melee: Long sword        |    84 |   138 ||   222
       Tailslap          |     6 |    15 ||    21
       Kick              |    11 |    24 ||    35
Throw: Javelin           |     4 |    30 ||    34
       Dart              |       |     2 ||     2
  Use: Potion            |     7 |     6 ||    13
       Scroll            |     3 |     5 ||     8
 Stab: Sleeping          |     6 |     2 ||     8
       Distracted        |       |     1 ||     1
Armor: Skin              |    26 |    39 ||    65
Dodge: Dodged            |    41 |   107 ||   148
Block: Buckler           |    20 |    32 ||    52
